 Dungeon Crawl Stone Soup version 0.31-a0-360-gb3e1d13bf4 (webtiles) character file.

Game seed: 12313271011778406149

17 Maxmaps the Trooper (level 2, -1/32 HPs)
             Began as an Ogre Monk on July 27, 2023.
             Killed from afar by a dart slug (2 damage)
             ... with a slug dart
             ... on level 2 of the Dungeon.
             The game lasted 00:00:44 (691 turns).

Maxmaps the Trooper (Ogre Monk)                      Turns: 691, Time: 00:00:45

Health: -1/32      AC:  3    Str: 14    XL:     2   Next: 62%
Magic:  2/2        EV:  8    Int: 11    God:
Gold:   48         SH:  7    Dex: 11    Spells: 1/1 levels left

rFire   . . .        l - +0 whip
rCold   . . .        j - +0 kite shield
rNeg    . . .        b - +0 robe
rPois   .            (helmet restricted)
rElec   .            (no cloak)
rCorr   .            (gloves unavailable)
SInv    .            (boots unavailable)
Will    .....        (no amulet)
Stlth   +            (no ring)
HPRegen 0.25/turn    (no ring)
MPRegen 0.08/turn

%: no passive effects
@: no status effects
A: large, unfitting armour, tough skin 1
a: no special abilities


You were on level 2 of the Dungeon.
You visited 1 branch of the dungeon, and saw 2 of its levels.

You collected 48 gold pieces.

Inventory:

Hand Weapons
 a - a +0 mace
 l - a +0 whip (weapon)
Armour
 b - a +0 robe (worn)
 d - an orb of light
 j - a +0 kite shield (worn)
Talismans
 e - a storm talisman
Scrolls
 i - a scroll of brand weapon {unknown}
Potions
 c - a potion of ambrosia
 f - a potion of cancellation {unknown}
 g - 2 potions of might {unknown}
 h - a potion of curing {unknown}
 k - 2 potions of lignification {unknown}


   Skills:
 - Level 4.0 Fighting
 + Level 3.5 Maces & Flails
 - Level 2.6 Dodging


You had one spell level left.
You didn't know any spells.
Your spell library contained the following spells:

 Spells                   Type           Power      Damage    Failure   Level
 Apportation              Tloc           0%         N/A       80%         1
 Alistair's Intoxication  Tmut/Pois      0%         N/A       100%        5


Dungeon Overview and Level Annotations

Branches:
Dungeon (2/15)

Altars:

Annotations:
D:2 Sigmund


Innate Abilities, Weirdness & Mutations

You are too large for most types of armour.
You have tough skin. (AC +1)


Message History

You are too confused!
You closely miss Sigmund.
Sigmund is lightly wounded.
Sigmund casts a spell at you. The magic dart hits you!
You bump into the rock wall.
Sigmund barely misses you.
You bump into the rock wall.
Sigmund barely misses you.
You're too confused to move!
You miss Sigmund.
Sigmund is lightly wounded.
Sigmund hits you with a +0 scythe!
You miss Sigmund.
Sigmund is lightly wounded.
You feel less confused.
Sigmund mumbles some strange words.
Sigmund flickers and vanishes!
Deactivating autopickup; reactivate with Ctrl-A.
Something hits you!
* * * LOW HITPOINT WARNING * * *
The dart slug launches a dart at you.
The slug dart hits you but does no damage.
You hit the dart slug.
The dart slug is lightly wounded.
Something hits you but does no damage. You block the dart slug's attack.
You hit the dart slug.
The dart slug is heavily wounded.
You block something's attack.
The dart slug briefly extends its eye-stalks.
The dart slug launches a dart at you. The slug dart hits you.
* * * LOW HITPOINT WARNING * * *
You hit the dart slug.
The dart slug is almost dead.
You hit the dart slug but do no damage.
The dart slug is almost dead.
Something hits you!
* * * LOW HITPOINT WARNING * * *
The dart slug launches a dart at you. The slug dart hits you.
You die...

#.#.# ##.
.#.# ..
w..##
####.#
.... .....
...
#.#.#.##.#
........#
#...w#
#..@(#
###..#
#....{.#
#####.##
..# ####


You could see a dart slug.

Vanquished Creatures
  2 bats (D:1)
  An endoplasm (D:1)
  A giant cockroach (D:1)
  A goblin (D:1)
  2 hobgoblins (D:1)
  5 kobolds (D:1)
  2 ball pythons (D:1)
  2 rats (D:1)
16 creatures vanquished.

Notes
Turn   | Place    | Note
-------+----------+-------------------------------------------
     0 | D:1      | Maxmaps the Ogre Monk began the quest for the Orb.
     0 | D:1      | Reached XP level 1. HP: 24/24 MP: 1/1
   306 | D:1      | Reached XP level 2. HP: 28/32 MP: 2/2
   677 | D:2      | Noticed Sigmund
   691 | D:2      | HP: 1/32 [something (7)]
   691 | D:2      | Killed from afar by a dart slug

Illustrated notes

Levels and vault maps discovered:
D:1:      dpeg_arrival_windows_large_door, layout_basic
D:2:      layout_basic, uniq_crazy_yiuf_cottage, uniq_sigmund, uniq_natasha

Skill      XL: |  1 |
---------------+----+-----
Maces & Flails | 3 |  3.5
Fighting       | |  4.0
Dodging        | |  2.6

Action                     || total
---------------------------++-------
  Melee: Mace              ||    49
         Whip              ||     8
   Stab: Sleeping          ||     1
 Armour: Robe              ||    13
  Dodge: Dodged            ||    23
  Block: Kite shield       ||    11

Table legend: (Time is in decaauts)
 A = Elapsed time spent in this place.
 B = Non-inter-level travel time spent in this place.
 C = Inter-level travel time spent in this place.
 D = Time resting spent in this place.
 E = Time spent auto-exploring this place.
 F = Levels seen in this place.
 G = Mean time per level.
                   A        B        C        D        E       F      G
               +--------+--------+--------+--------+--------+-----+--------+
         Total |    710 |    672 |     38 |     55 |    463 |   2 |  355.0 |
       Dungeon |    710 |    672 |     38 |     55 |    463 |   2 |  355.0 |
               +--------+--------+--------+--------+--------+-----+--------+

Top non-repeatable levels by time:
     D:1: 695 daAuts
     D:2: 14 daAuts
